 Dungeon Sprint DCSS version 0.31-a0-931-g7b59d4eb97 (webtiles) character file.

Game seed: 7459670683029247797

18733 sircluck the Brawler (level 12, -2/237 HPs)
             Began as a Troll Berserker on Oct 19, 2023.
             Was a High Priest of Trog.
             Slain by an orc knight
             ... wielding a +0 great mace
              (10 damage)
             ... in the Dungeon (Sprint VII: "The Pits").
             The game lasted 00:06:46 (2534 turns).

sircluck the Brawler (Troll Berserker)              Turns: 2534, Time: 00:06:46

Health: -2/237     AC:  6    Str: 32    XL:     12   Next: 30%
Magic:  2/2        EV: 16    Int: 10    God:    Trog [*****.]
Gold:   18         SH:  0    Dex: 12    Spells: 11/11 levels left

rFire   . .          .
                       - Unarmed
rCold   . . .        (no shield)
rNeg    + . .        a - +0 animal skin
rPois   .            l - +2 hat
rElec   .            (no cloak)
rCorr   .            (gloves unavailable)
SInv    +            (boots unavailable)
Will    .....        (no amulet) Stlth
                     k - +3 ring of dexterity
HPRegen 1.39/turn    q - ring of Otug {rN+ MP-9 Int+7 SInv Stlth+}
MPRegen 0.08/turn

%: no teleportation
@: berserking, very quick
A: large, unfitting armour, claws 3, regeneration 1, shaggy fur 1, tough skin 1,
robust 1
a: Renounce Religion, Berserk, Trog's Hand, Brothers in Arms


You were in the Dungeon.
You worshipped Trog.
Trog was extremely pleased with you.
You visited 1 branch You collected 18 gold pieces.

Inventory:

Armour
 a - a +0 animal skin (worn)
 l - a +2 hat (worn)
Jewellery
 k - a +3 ring of dexterity (left claw)
 m - a +3 ring of dexterity
 o - a ring of willpower
 q - the ring of Otug (right claw) {rN+ MP-9 Int+7 SInv Stlth+}
   (You found it in the Dungeon)

   [ring of see invisible]

   Int+7:     It affects your intelligence (+7).
   rN+:       It protects you from negative energy.
   MP-9:      It affects your magic capacity (-9).
   SInv:      It lets you see invisible.
   Stlth+:    It makes you more stealthy.
 s - a ring of protection from fire
 v - a ring of protection from fire
Scrolls
 g - a scroll of poison
 i - 2 scrolls of vulnerability
 j - a scroll of butterflies
 p - 5 scrolls of identify
 r - 3 scrolls of enchant armour
 w - a scroll of fog
 x - 2 scrolls of fear
 y - 2 scrolls of enchant weapon
Potions
 b - 8 potions of curing
 c - 11 potions of heal wounds
 d - 2 potions of haste
 e - 4 potions of magic
 f - 6 potions of berserk rage
 h - 2 potions of invisibility
 n - 3 potions of might
 t - a potion of lignification
 u - a potion of cancellation


   Skills:
 + Level 16.1 Fighting
 + Level 15.8 Dodging
 + Level 18.6 Unarmed Combat


You had 11 spell levels left.
You didn't know any spells.
Your spell library was empty.

Dungeon Overview and Level Annotations

Branches:
Dungeon (1/1)

Altars:
Ashenzari
Cheibriados
Dithmenos
Elyvilon
Fedhas
Gozag
Hepliaklqana
Kikubaaqudgha
Makhleb
Nemelex Xobeh
Okawaru
Qazlal
Ru
Sif Muna
Trog
Uskayaw
Vehumet
Wu Jian
Xom
Yredelemnul
Zin
The Shining One
Jiyva
Lugonu


Innate Abilities, Weirdness & Mutations

You are too large for most types of armour.
You have claws for hands.
Your natural rate of healing is unusually fast.
You are covered in fur. (AC +1)
You have tough skin. (AC +1)
You are robust. (+10% HP)


Message History

* * * LOW HITPOINT WARNING * * *
Unknown command.
You claw the angel!
You feel the power of Trog in you as your rage grows.
You kill the angel!
Trog accepts your kill.
The orc knight unwields a +0 great mace.
The orc knight wields a +0 arbalest.
The orc knight shoots a bolt.
The bolt barely misses you. The bolt hits your iron troll.
The vault guard barely misses your iron troll.
Your Fighting skill increases to level 16!
Unknown command.
You mangle the swamp dragon!!
The swamp dragon is moderately wounded.
The alligator snapping turtle bites you from afar!
* * * LOW HITPOINT WARNING * * *
Your iron troll bites the vault guard!!
Your iron troll barely misses the vault guard.
Your iron troll claws the vault guard.
You mangle the swamp dragon!!
The swamp dragon is severely wounded.
The vault guard closely misses you. The swamp dragon bites you!
* * * LOW HITPOINT WARNING * * *
The swamp dragon barely misses you. x2
Unknown command.
You claw the swamp dragon! x2
You kill the swamp dragon!
Trog accepts your kill.
The orc knight shoots a bolt.
The bolt hits you.
* * * LOW HITPOINT WARNING * * *
The alligator snapping turtle bites you from afar!!
* * * LOW HITPOINT WARNING * * *
Your iron troll bites the vault guard!!
Your iron troll completely misses the vault guard.
Your iron troll claws the vault guard but does no damage.
The yaktaur closely misses you.
The vault guard hits your iron troll with a +0 glaive.
The orc knight unwields a +0 arbalest.
The orc knight wields a +0 great mace.
The orc knight hits you with a +0 great mace!
You die...

###''####''#########
#......##...........
#.#+##.##......).... #.#
=+.##..######### #.'./#.##..#
#.#G/'.##..#
#++###########t'|G#.##..#
........##..##p##c#.##..#
.#......##..##T.@o..##..#
........''..##########..#
........''†.##########..#
.#......##).............#
........##..............#
#')######################
#)'################ ###########
#.)..##..'...##...### #........!.
#...##...#..##÷.....###....#####'


You could see a vault guard (distracted, ally target), an orc knight, an eye of
devastation, a yaktaur and a friendly iron troll (summoned, berserk).

Vanquished Creatures
  Rupert (D)
  A Hell Sentinel (D)
  Gastronok (D)
  A draconian knight (D)
  An angel (D)
  Erica (D)
  A boulder beetle (D)
  A death yak (D)
  An arcanist (D)
  A shadow wraith (D)
  A swamp dragon (D)
  A flayed ghost (D)
  2 deep elf pyromancers (D)
  A phantasmal warrior (D)
  A molten gargoyle (D)
  A rust devil (D)
  A smoke demon (D)
  An unseen horror (D)
  2 rime drakes (D)
  An ice devil (D)
  A polar bear (D)
  4 dream sheep (D)
  2 hornets (D)
  A flying skull (D)
  2 spriggans (D)
  A ynoxinul (D)
  A wraith (D)
  A fire bat (D)
  3 redbacks (D)
  A basilisk (D)
  3 vampire mosquitoes (D)
  A floating eye (D)
  An ice beast (D)
  A swamp drake (D)
  5 wolves (D)
  A centaur (D)
  2 phantoms (D)
  2 gnoll sergeants (D)
  2 scorpions (D)
  5 wights (D)
  5 killer bees (D)
  A quasit (D)
  2 jellies (D)
  2 iguanas (D)
  An orc wizard (D)
  9 gnolls (D)
  A river rat (D)
  An ufetubus (D)
  5 orcs (D)
  A bat (D)
  A bat skeleton (D)
  2 giant cockroaches (D)
  A goblin (D)
  2 hobgoblins (D)
  2 ball pythons (D)
  A kobold (D)
99 creatures vanquished.

Vanquished Creatures (collateral kills)
  A dream sheep (D)
  A jumping spider (D)
  A vampire mosquito (D)
  2 wolves (D)
  A phantom (D)
  A small abomination (D)
7 creatures vanquished.

Vanquished Creatures (others)
  A purple draconian (D)
  A wolf (D)
2 creatures vanquished.

Grand Total: 108 creatures vanquished

Notes
Turn   | Place    | Note
-------+----------+-------------------------------------------
     0 | D        | sircluck the Troll Berserker began the quest for the Orb.
     0 | D        | Reached XP level 1. HP: 22/22 MP: 0/0
    26 | D        | Found a bloodstained altar of Trog.
    26 | D        | Found a shimmering blue altar of Sif Muna.
    26 | D        | Found a viscous altar of Jiyva.
    26 | D        | Found a hazy altar of Hepliaklqana.
    26 | D        | Found an opulent altar of Gozag.
    27 | D        | Found a glowing golden altar of the Shining One.
    27 | D        | Found a glowing silver altar of Zin.
    27 | D        | Found a basalt altar of Yredelemnul.
    27 | D        | Found a shimmering altar of Xom.
    27 | D        | Found an ornate altar of the Wu Jian Council.
    27 | D        | Found a sacrificial altar of Ru.
    27 | D        | Found a stormy altar of Qazlal.
    27 | D        | Found an iron altar of Okawaru.
    27 | D        | Found a sparkling altar of Nemelex Xobeh.
    27 | D        | Found a burning altar of Makhleb.
    27 | D        | Found a blossoming altar of Fedhas.
    27 | D        | Found a white marble altar of Elyvilon.
    27 | D        | Found a shadowy altar of Dithmenos.
    27 | D        | Found a snail-covered altar of Cheibriados.
    30 | D        | Found a corrupted altar of Lugonu.
    30 | D        | Found a radiant altar of Vehumet.
    31 | D        | Found an ancient bone altar of Kikubaaqudgha.
    31 | D        | Found a hide-covered altar of Uskayaw.
    31 | D        | Found a broken altar of Ashenzari.
    60 | D        | Noticed a floating eye
    60 | D        | Noticed a scorpion
    65 | D        | Killed a floating eye
    66 | D        | Reached skill level 5 in Fighting
    66 | D        | Reached skill level 5 in Unarmed Combat
    66 | D        | Reached XP level 2. HP: 35/35 MP: 1/1
    66 | D        | Reached XP level 3. HP: 42/42 MP: 2/2
    66 | D        | Reached XP level 4. HP: 50/50 MP: 3/3
    71 | D        | Killed a scorpion
    71 | D        | Reached ** piety under Trog
    72 | D        | Reached skill level 5 in Dodging
    72 | D        | Reached skill level 6 in Unarmed Combat
    72 | D        | Reached XP level 5. HP: 57/59 MP: 4/4
    94 | D        | Reached skill level 7 in Unarmed Combat
   100 | D        | Reached *** piety under Trog
   110 | D        | Reached **** piety under Trog
   111 | D        | Reached skill level 8 in Unarmed Combat
   111 | D        | Reached XP level 6. HP: 19/68 MP: 5/5
   183 | D        | Noticed a fire bat
   191 | D        | Killed a fire bat
   192 | D        | Reached skill level 9 in Unarmed Combat
   212 | D        | Reached ***** piety under Trog
   213 | D        | Reached XP level 7. HP: 79/79 MP: 6/6
   226 | D        | Identified the +11 short sword of Kiroisar {flame, rC+++
                  | rCorr MP-9 Str+6} (Trog gifted it to you in the Dungeon)
   226 | D        | Received a gift from Trog
   332 | D        | Reached skill level 10 in Unarmed Combat
   346 | D        | Noticed a boulder beetle
   355 | D        | Killed a boulder beetle
   356 | D        | Reached skill level 11 in Unarmed Combat
   356 | D        | Reached XP level 8. HP: 92/92 MP: 7/7
   507 | D        | Received a gift from Trog
   508 | D        | Reached ****** piety under Trog
   516 | D        | Noticed a molten gargoyle
   526 | D        | Killed a molten gargoyle
   527 | D        | Reached skill level 10 in Fighting
   527 | D        | Reached skill level 10 in Dodging
   742 | D        | Noticed a deep elf pyromancer
   743 | D        | Noticed a deep elf pyromancer
   750 | D        | Killed a deep elf pyromancer
   751 | D        | Reached skill level 12 in Unarmed Combat
   751 | D        | Reached XP level 9. HP: 102/102 MP: 8/8
   754 | D        | Killed a deep elf pyromancer
   754 | D        | Identified the +5 bardiche of Vastraiga {flame, rN+ Str+5}
                  | (Trog gifted it to you in the Dungeon)
   754 | D        | Received a gift from Trog
   975 | D        | Noticed a smoke demon
   978 | D        | Noticed a phantasmal warrior
   983 | D        | Killed a smoke demon
   984 | D        | Reached skill level 13 in Unarmed Combat
   989 | D        | Killed a phantasmal warrior
  1012 | D        | Killed a shadow wraith
  1013 | D        | Reached XP level 10. HP: 41/115 MP: 9/9
  1092 | D        | Noticed a death yak
  1095 | D        | Reached skill level 14 in Unarmed Combat
  1109 | D        | Killed a death yak
  1156 | D        | Received a gift from Trog
  1174 | D        | Received a gift from Trog
  1249 | D        | Reached skill level 15 in Unarmed Combat
  1309 | D        | Noticed a purple draconian
  1317 | D        | Noticed a spriggan rider
  1322 | D        | Noticed Erica
  1324 | D        | Killed a purple draconian
  1330 | D        | Received a gift from Trog
  1339 | D        | Noticed a flayed ghost
  1347 | D        | Killed Erica
  1348 | D        | Reached XP level 11. HP: 35/127 MP: 10/10
  1370 | D        | Killed a flayed ghost
  1428 | D        | Received a gift from Trog
  1438 | D        | Reached skill level 16 in Unarmed Combat
  1464 | D        | Received a gift from Trog
  1594 | D        | Got the ring of Otug {rN+ MP-9 Int+7 SInv Stlth+}
  1664 | D        | Gained mutation: You sometimes lose your temper in combat.
                  | [potion of mutation]
  1664 | D        | Gained mutation: Your mind is acute. (Int +4, Str/Dex -1)
                  | [potion of mutation]
  1665 | D        | Lost mutation: Your mind is acute. (Int +4, Str/Dex -1)
                  | [potion of mutation]
  1665 | D        | Lost mutation: You sometimes lose your temper in combat.
                  | [potion of mutation]
  1665 | D        | Gained mutation: You are robust. (+10% HP) [potion of
                  | mutation]
  1848 | D        | Noticed Gastronok
  1860 | D        | Killed Gastronok
  1861 | D        | Reached skill level 17 in Unarmed Combat
  1867 | D        | Received a gift from Trog
  1969 | D        | Noticed an arcanist
  1973 | D        | Killed an arcanist
  1974 | D        | Reached skill level 15 in Fighting
  1987 | D        | Noticed Rupert
  2005 | D        | Killed Rupert
  2006 | D        | Reached skill level 15 in Dodging
  2152 | D        | Noticed a black draconian knight
  2157 | D        | Killed a black draconian knight
  2157 | D        | Identified the +11 battleaxe of Uptuneulai {heavy, Contam
                  | rElec rCorr Dex+2} (Trog gifted it to you in the Dungeon)
  2157 | D        | Received a gift from Trog
  2158 | D        | Reached skill level 18 in Unarmed Combat
  2158 | D        | Reached XP level 12. HP: 157/157 MP: 2/11
  2208 | D        | Noticed a Hell Sentinel
  2218 | D        | HP: 7/235 [Hell Sentinel/damnation (32)]
  2219 | D        | Killed a Hell Sentinel
  2512 | D        | Noticed an alligator snapping turtle
  2513 | D        | Noticed an angel
  2517 | D        | Identified the ring "Kipsuk Evvu" {Ice rPois rCorr Str+3}
  2517 | D        | Noticed a vault guard
  2530 | D        | Killed an angel
  2533 | D        | HP: 7/237 [alligator snapping turtle (19)]
  2534 | D        | Slain by an orc knight

Illustrated notes

Levels and vault maps discovered:
D:        pitsprint [storerooms_1, entrance_room_1, metal_vault_7, armoury_3,
          mini_pit_1, grid_room_1, main_hall_1, silver_pit, the_coven_1,
          the_vestibule_1, steel_vault_4, golden_pit, hallway_of_sentries,
          crystal_vault_3, iron_vault_1, final_vault]

Skill      XL: |  1  2  3  4  5  6  7  8  9 10 11 12 |
---------------+-------------------------------------+-----
Fighting       | 5 6 7 9 10 12 13 15 16 | 16.1
Dodging        | 4 5 6 7 9 10 11 13 15 | 15.8
Unarmed Combat | 5 6 8 9 11 12 13 15 18 | 18.6

Action                     |  1- 3 |  4- 6 |  7- 9 | 10-12 || total
---------------------------+-------+-------+-------+-------++-------
  Melee: Unarmed           |    10 |    45 |    98 |   177 ||   330
         Punch             |       |     1 |     7 |    11 ||    19
 Invoke: Berserk           |       |     1 |     4 |     5 ||    10
         Brothers in Arms  |       |       |       |     7 ||     7
    Use: Potion            |       |       |     1 |     5 ||     6
         Scroll            |       |       |       |     1 ||     1
   Stab: Confused          |       |       |       |     4 ||     4
 Armour: Animal skin       |     6 |    31 |    70 |   168 ||   275
  Dodge: Dodged            |     7 |    22 |    48 |   147 ||   224

Table legend: (Time is in decaauts)
 A = Elapsed time spent in this place.
 B = Non-inter-level travel time spent in this place.
 C = Inter-level travel time spent in this place.
 D = Time resting spent in this place.
 E = Time spent auto-exploring this place.
 F = Levels seen in this place.
 G = Mean time per level.
                   A        B        C        D        E       F      G
               +--------+--------+--------+--------+--------+-----+--------+
         Total |   2623 |   2575 |     48 |   1304 |    440 |   1 | 2623.0 |
       Dungeon |   2623 |   2575 |     48 |   1304 |    440 |   1 | 2623.0 |
               +--------+--------+--------+--------+--------+-----+--------+

Top non-repeatable levels by time:
       D: 2623 daAuts
